 Dungeon Crawl Stone Soup version 0.28.0-47-ge53b351184 (webtiles) character file.

Game seed: 16643398496319433117

135424 Zeld the Fighter (level 16, 0/146 HPs)
             Began as a White Draconian Conjurer on Apr 29, 2022.
             Was an Elder of Vehumet.
             Slain by a fenstrider witch (10 damage)
             ... on level 4 of the Swamp.
             The game lasted 01:16:13 (58502 turns).

Zeld the Fighter (White Draconian Conjurer)        Turns: 58502, Time: 01:16:13

Health: 0/146      AC: 19    Str: 10    XL:     16   Next: 34%
Magic:  8/41       EV: 14    Int: 24    God:    Vehumet [****..]
Gold:   164        SH:  8    Dex: 11    Spells: 16/39 levels left

rFire   . . .      SeeInvis .   a - +6 long sword of the Chopping Shrike {flame, rCorr}
rCold   + . .      Faith    .   g - +0 buckler {AC+3}
rNeg    + . .      Spirit   .   (armour unavailable)
rPois   +          Reflect  +   u - +2 hat
rElec   .          Harm     .   f - +2 ratskin cloak {*Rats rPois rN+ Str-1 Int-1 Dex+1}
rCorr   +          Rampage  .   s - +0 pair of gloves
Will    +....                   K - +0 pair of boots
Stlth   ++++......              J - amulet of reflection
HPRegen 0.34/turn               n - ring of magical power
MPRegen 0.27/turn               M - ring of poison resistance

@: hasted, very quick
A: breathe frost, AC +9, unfitting armour, cold resistance 1, cold-blooded
}: 1/15 runes: decaying
a: Breathe Frost, Renounce Religion


You were on level 4 of the Swamp.
You worshipped Vehumet.
Vehumet was greatly pleased with you.
You visited 5 branches of the dungeon, and saw 25 of its levels.
You also visited: Volcano.

You collected 3093 gold pieces.
You spent 2929 gold pieces at shops.

Inventory:

Hand Weapons
 a - the +6 long sword of the Chopping Shrike (weapon) {flame, rCorr}
   (You bought it in a shop on level 12 of the Dungeon)

   It burns those it strikes, dealing additional fire damage.
   Big, fiery blades are also staple armaments of hydra-hunters.
   rCorr:     It protects you from acid and corrosion.
Missiles
 l - 292 bolts
Armour
 f - the +2 ratskin cloak (worn) {*Rats rPois rN+ Str-1 Int-1 Dex+1}
   (You found it on level 2 of the Dungeon)

   When the wearer is hurt, rats may emerge from it to assist them.
   Str:       It affects your strength (-1).
   Int:       It affects your intelligence (-1).
   Dex:       It affects your dexterity (+1).
   rPois:     It protects you from poison.
   rN:        It protects you from negative energy.
 g - a +0 buckler of protection (worn)
 s - a +0 pair of gloves (worn)
 u - a +2 hat (worn)
 K - a +0 pair of boots (worn)
Jewellery
 n - a ring of magical power (left hand)
 J - an amulet of reflection (around neck)
 M - a ring of poison resistance (right hand)
Wands
 i - a wand of polymorph (14)
 k - a wand of acid (13)
 A - a wand of flame (90)
 B - a wand of iceblast (15)
 G - a wand of mindburst (2)
 I - a wand of charming (5)
Scrolls
 b - 2 scrolls of brand weapon
 d - 5 scrolls of enchant weapon
 h - a scroll of fear {unknown}
 p - 2 scrolls of amnesia
 t - 3 scrolls of holy word
 H - a scroll of magic mapping
Potions
 c - 5 potions of flight
 e - a potion of might {unknown}
 j - a potion of ambrosia
 m - 6 potions of brilliance
 q - 3 potions of cancellation
 r - 2 potions of berserk rage
 v - a potion of resistance
 w - 3 potions of magic
 x - 4 potions of lignification {unknown}
 z - 6 potions of invisibility
 E - 2 potions of haste
 F - 7 potions of curing
Miscellaneous
 o - a lightning rod (2/4)
 y - a piece from Xom's chessboard (15/15)
 C - a phantom mirror (inert)
 D - a condenser vane


   Skills:
 * Level 14.2 Fighting
 * Level 9.4 Long Blades
 + Level 8.8 Dodging
 + Level 9.5 Stealth
 * Level 12.2 Spellcasting
 * Level 13.6 Conjurations
 - Level 2.0 Hexes
 - Level 2.0 Translocations
 * Level 13.8 Ice Magic
 + Level 3.4 Evocations


You had 16 spell levels left.
You knew the following spells:

 Your Spells              Type           Power      Damage    Failure   Level
a - Magic Dart            Conj           100%       1d8       0%          1
b - Searing Ray           Conj           100%       2d8       1%          2
c - Fulminant Prism       Conj/Hex       25%        3d14      1%          4
d - Iskenderun's Mystic   Conj/Tloc      51%        2d11      1%          4
e - Ozocubu's Refrigerat  Ice            34%        4d11      4%          7
f - Irradiate             Conj/Tmut      23%        3d21      2%          5

Your spell library contained the following spells:

 Spells                   Type           Power      Damage    Failure   Level
 Freeze                   Ice            100%       1d11      0%          1
 Foxfire                  Conj/Fire      100%       2x1d9     1%          1
 Ensorcelled Hibernation  Hex/Ice        100%       N/A       1%          2
 Conjure Flame            Conj/Fire      47%        6-21      1%          3
 Dazzling Flash           Conj/Hex       100%       N/A       1%          3
 Frozen Ramparts          Ice            100%       1d12      1%          3
 Mephitic Cloud           Conj/Pois/Air  36%        N/A       1%          3
 Flame Wave               Conj/Fire      47%        2d10      1%          4
 Hailstorm                Conj/Ice       69%        3d14      1%          4
 Sticky Flame             Conj/Fire      47%        2d6       1%          4
 Freezing Cloud           Conj/Ice/Air   28%        6-21      1%          5
 Iskenderun's Battlesphe  Conj           69%        2d12      1%          5
 Apportation              Tloc           48%        N/A       2%          1
 Slow                     Hex            96%        N/A       2%          1
 Blink                    Tloc           48%        N/A       3%          2
 Inner Flame              Hex/Fire       19%        N/A       3%          3
 Ignite Poison            Fire/Tmut/Pois 14%        N/A       4%          3
 Beastly Appendage        Tmut           28%        N/A       6%          1
 Summon Small Mammal      Summ           56%        N/A       6%          1
 Confusing Touch          Hex            24%        N/A       8%          3
 Corpse Rot               Necr/Air       28%        N/A       9%          2
 Wereblood                Tmut           14%        N/A       9%          2
 Summon Guardian Golem    Hex/Summ       19%        N/A       12%         3
 Iron Shot                Conj/Erth      23%        9d5       14%         6
 Call Canine Familiar     Summ           14%        N/A       17%         3
 Spider Form              Tmut/Pois      14%        N/A       17%         3
 Vampiric Draining        Necr           14%        2d7       17%         3
 Anguish                  Hex/Necr       9%         N/A       36%         4
 Animate Dead             Necr           7%         N/A       50%         4
 Dispel Undead            Necr           14%        3d10      50%         4
 Manifold Assault         Tloc           24%        N/A       56%         5
 Spellforged Servitor     Conj/Summ      23%        N/A       56%         7
 Summon Forest            Summ/Tloc      9%         N/A       71%         5
 Alistair's Intoxication  Tmut/Pois      9%         N/A       85%         5
 Borgnjor's Vile Clutch   Necr/Erth      7%         N/A       85%         5
 Eringya's Noxious Bog    Tmut/Pois      7%         N/A       88%         6
 Death Channel            Necr           7%         N/A       100%        6
 Haunt                    Necr/Summ      7%         N/A       100%        7
 Storm Form               Tmut/Air       7%         N/A       100%        7
 Summon Hydra             Summ           7%         N/A       100%        7
 Infestation              Necr           7%         N/A       100%        8


Dungeon Overview and Level Annotations

Branches:
Dungeon (12/15)            Temple (1/1) D:4            Lair (6/6) D:9
  Swamp (4/4) Lair:4       Spider (0/4) Lair:4        Slime (0/5) Lair:5
    Orc (2/2) D:12            Elf (0/3) Orc:2       Volcano (visited)

Altars:
Ashenzari
Cheibriados
Dithmenos
Elyvilon
Fedhas
Gozag
Hepliaklqana
Kikubaaqudgha
Makhleb
Nemelex Xobeh
Okawaru
Qazlal
Ru
Sif Muna
Trog
Uskayaw
Vehumet
Wu Jian
Xom
Yredelemnul
Zin
The Shining One
Beogh
Lugonu

Shops:
D:3 *   D:5 *   D:10 !   D:12 =*   Orc:1 :   Orc:2 ([=[*

Portals:
Abyss: Lair:6
Trove: D:10 (give +6 demon trident)


Innate Abilities, Weirdness & Mutations

You can breathe waves of freezing cold which knock back foes.
Your icy white scales are hard. (AC +9)
You cannot fit into any form of body armour.
Your flesh is cold resistant. (rC+)
You are cold-blooded and may be slowed by cold attacks.


Message History

Your river rat bites the tentacled monstrosity.
You enter the shallow water.
Moving in this stuff is going to be slow.
The fenstrider witch barely misses your river rat.
The fenstrider witch completely misses your river rat.
The fenstrider witch hits your river rat!!
Your river rat dies!
The tentacled monstrosity tentacle-slaps you!
You block the tentacled monstrosity's attack.
The tentacled monstrosity misses you. The tentacled monstrosity grabs you.
The tentacled monstrosity constricts you!
The tentacled monstrosity's grasp on you weakens, but your attempt to escape fails.
You can drink potions again.
The tentacled monstrosity tentacle-slaps you but does no damage.
You block the tentacled monstrosity's attack.
The tentacled monstrosity tentacle-slaps you but does no damage.
The tentacled monstrosity constricts you!
* * * LOW HITPOINT WARNING * * *
Okay, then.
You feel yourself speed up.
The tentacled monstrosity tentacle-slaps you.
* * * LOW HITPOINT WARNING * * *
You block the tentacled monstrosity's attack.
The tentacled monstrosity barely misses you.
The tentacled monstrosity constricts you!
* * * LOW HITPOINT WARNING * * *
The fenstrider witch points at you and mumbles some strange words.
Your body is wracked with pain!
* * * LOW HITPOINT WARNING * * *
The tentacled monstrosity's grasp on you weakens, but your attempt to escape fails.
The fenstrider witch closely misses you.
The fenstrider witch kicks you but does no damage.
The tentacled monstrosity barely misses you.
You block the tentacled monstrosity's attack.
The tentacled monstrosity tentacle-slaps you but does no damage.
The tentacled monstrosity constricts you!
* * * LOW HITPOINT WARNING * * *
You escape the tentacled monstrosity's grasp.
The fenstrider witch hits you!
You die...

♣♣≈.≈.≈.♣≈♣♣≈)....≈...≈.≈........
♣≈...≈≈≈..≈♣♣.≈.≈..♣≈≈≈.≈≈..≈....
♣♣..≈≈≈≈≈≈≈♣...≈≈#########...≈...
♣≈≈≈≈≈≈≈§≈♣♣.≈###≈≈.♣...###...≈.
♣♣.≈≈≈≈.♣♣♣♣♣###♣≈≈≈♣♣♣≈≈.♣###..≈
♣≈§≈≈≈.[♣♣♣♣##.≈..≈≈.♣≈≈≈≈≈≈≈##≈≈
♣.≈≈≈≈...♣.##§##§.≈≈≈♣≈.≈≈≈##≈##.
♣.≈≈≈§≈≈≈≈##.≈#∩##♣≈≈♣≈≈♣##∩#.≈##
♣.≈≈≈.≈[≈.#♣...#@##≈≈♣≈≈##.#≈≈≈♣#
≈≈≈..≈≈..##≈.≈≈#≈H##♣.♣##.≈#≈≈≈.#
≈..≈≈≈...#♣≈[.≈##≈.##♣##..##≈≈≈≈♣
.≈.≈≈≈...#≈≈≈≈≈♣#.X≈♣#♣≈.≈#♣≈§.≈≈
≈..≈§..≈#≈≈≈≈≈.≈##♣≈..≈≈♣##≈.≈≈≈.
.≈≈≈≈≈≈♣#≈≈♣≈[≈..##.≈≈§≈##...≈♣≈≈
≈≈≈≈≈≈≈♣#§≈≈≈...##♣≈≈.≈≈♣##≈.§≈≈≈
....≈.≈≈#.≈≈≈♣####♣≈≈8≈≈♣####♣≈≈≈
≈≈...♣♣.#..♣## #≈≈.♣≈≈.#≈≈###♣.


You could see a tentacled monstrosity and a fenstrider witch.

Vanquished Creatures
  A thorn hunter (Swamp:1)
  4 fenstrider witches
  An orc warlord (Orc:2)
  A reaper (Swamp:4)
  3 eleionomae
  A spark wasp (Swamp:2)
  5 bunyips
  A green death (Swamp:4)
  Harold (Lair:1)
  12 hydras
  3 boulder beetles
  2 ghost crabs
  A spriggan air mage (Swamp:4)
  A catoblepas (Lair:3)
  5 two-headed ogres
  9 alligators
  2 ogre magi (Swamp:4)
  5 death yaks
  5 orc high priests
  A thrashing horror (Lair:6)
  2 soul eaters (Swamp:4)
  Sonja (Lair:6)
  A sixfirhy (Swamp:4)
  10 goliath frogs
  4 spriggan druids
  A bog body (Swamp:2)
  A wizard (Swamp:4)
  2 swamp dragons (Swamp:4)
  A harpy (shapeshifter) (Lair:6)
  A deep elf zephyrmancer (Swamp:4)
  A wolf spider (Lair:4)
  6 orc knights
  6 ugly things
  A manticore (D:12)
  7 will-o-the-wisps
  9 orc sorcerers
  A spectral centaur (D:10)
  A molten gargoyle (Volcano)
  4 elephants (Lair:4)
  2 black mambas
  2 orange demons (Swamp:4)
  A smoke demon (Lair:6)
  A gargoyle (Volcano)
  13 cane toads
  4 rime drakes
  A kobold demonologist (D:10)
  An unseen horror (D:11)
  5 komodo dragons
  A hellwing (Swamp:4)
  An ancient zyme (Lair:6)
  A bloated husk (Swamp:4)
  8 trolls
  3 polar bears
  12 tyrant leeches
  27 blink frogs
  A slime creature (D:9)
  6 hornets
  7 spriggans
  4 shadows
  Sigmund (D:4)
  A jumping spider (Lair:4)
  2 ynoxinuls (Lair:6)
  10 small abominations (Lair:6)
  A wraith (D:12)
  2 culicivoras (Lair:4)
  5 wyverns
  28 yaks
  3 fire elementals
  Grum (D:11)
  10 vampire mosquitoes
  4 basilisks
  3 chaos spawn
  A neqoxec (Swamp:4)
  20 swamp worms
  11 wargs
  2 acid dragons
  16 water moccasins
  2 black bears (D:6)
  18 orc warriors
  An ice beast (D:7)
  A necrophage (D:7)
  2 swamp drakes
  7 ogres
  12 wolves
  A centaur (D:9)
  2 phantoms
  16 kobold brigands
  11 bullfrogs
  A gnoll sergeant (D:6)
  3 scorpions
  A wyvern zombie (D:9)
  3 troll zombies (D:12)
  6 killer bees (D:9)
  13 wights
  9 jellies
  4 electric eels
  4 howler monkeys
  A bullfrog zombie (D:6)
  7 centaur zombies
  2 hounds (D:5)
  9 orc priests
  3 bullfrog skeletons
  2 gnoll shamans
  3 centaur skeletons
  2 iguanas
  18 orc wizards
  2 killer bee zombies (D:8)
  3 ogre zombies (D:12)
  A howler monkey zombie (D:5)
  A howler monkey skeleton (D:10)
  18 gnolls
  4 adders
  A white imp (D:5)
  2 adder skeletons (D:4)
  3 worms
  37 orcs
  9 ball pythons
  4 bats
  16 endoplasms
  A giant cockroach (D:2)
  6 goblins
  4 hobgoblins
  13 kobolds
  2 quokkas (D:1)
  6 frilled lizards
  3 goblin zombies (D:12)
  2 hobgoblin zombies (D:12)
  An orc skeleton (D:12)
  12 orc zombies (D:12)
  4 rats
  34 briar patches
699 creatures vanquished.

Vanquished Creatures (collateral kills)
  A thorn hunter (Swamp:4)
  A bunyip (Swamp:4)
  A spark wasp (Swamp:2)
  Erolcha (D:11)
  A hydra (Lair:5)
  2 death yaks
  A two-headed ogre (Orc:1)
  An orc knight (D:12)
  A cyclops (D:12)
  A cane toad (Lair:2)
  A polar bear (Lair:5)
  A basilisk (Lair:6)
  A wyvern (Lair:5)
  2 yaks (D:9)
  A steam dragon (D:8)
  A necrophage (D:4)
  A kobold brigand (D:9)
  A wight (D:7)
  A gnoll shaman (D:9)
  A quokka (D:3)
  An orc zombie (D:12)
23 creatures vanquished.

Vanquished Creatures (others)
  An alligator (Swamp:4)
  A bloated husk (Swamp:1)
  3 briar patches (Swamp:4)
  14 foxfires
  3 fulminant prisms
  86 fungi
  60 plants
168 creatures vanquished.

Grand Total: 890 creatures vanquished

Notes
Turn   | Place    | Note
-------+----------+-------------------------------------------
     0 | D:1      | Zeld the Draconian Conjurer began the quest for the Orb.
     0 | D:1      | Reached XP level 1. HP: 14/14 MP: 3/3
    43 | D:1      | Found a faded altar of an unknown god.
   232 | D:1      | Reached XP level 2. HP: 22/22 MP: 1/5
   233 | D:1      | Reached skill level 1 in Fighting
   667 | D:1      | Learned a level 2 spell: Searing Ray
   964 | D:2      | Reached XP level 3. HP: 16/28 MP: 1/6
  1673 | D:2      | Reached XP level 4. HP: 13/36 MP: 0/8
  1885 | D:2      | Found the +2 ratskin cloak {*Rats rPois rN+ Str-1 Int-1
                  | Dex+1}
  2038 | D:2      | Reached skill level 2 in Fighting
  2261 | D:3      | Found Bumeki Liyf's General Store.
  2267 | D:3      | Bought a scroll of identify for 28 gold pieces
  3371 | D:4      | Noticed a necrophage
  3389 | D:4      | Killed a necrophage
  3390 | D:4      | Reached XP level 5. HP: 27/42 MP: 0/9
  3498 | D:4      | Noticed Sigmund
  3584 | D:4      | Noticed an ogre
  3595 | D:4      | Killed an ogre
  3596 | D:4      | Reached skill level 3 in Fighting
  3596 | D:4      | Reached XP level 6. HP: 21/51 MP: 0/10
  3601 | D:4      | Learned a level 4 spell: Fulminant Prism
  3606 | D:4      | Learned a level 4 spell: Iskenderun's Mystic Blast
  3926 | D:4      | Reached skill level 5 in Conjurations
  4202 | D:4      | Found a sacrificial altar of Ru.
  4515 | D:4      | Found a staircase to the Ecumenical Temple.
  4524 | Temple   | Entered the Ecumenical Temple
  4579 | Temple   | Became a worshipper of Vehumet
  5631 | D:4      | Killed Sigmund
  5779 | D:4      | Reached skill level 1 in Translocations
  5779 | D:4      | Your scales start taking on an icy white colour.
  5779 | D:4      | Reached XP level 7. HP: 49/58 MP: 1/12
  5779 | D:4      | Gained mutation: Your flesh is cold resistant. (rC+) [White
                  | Draconian growth]
  5926 | D:4      | Reached skill level 1 in Hexes
  6093 | D:3      | Bought 13 bolts for 36 gold pieces
  6093 | D:3      | Bought 16 bolts for 44 gold pieces
  6454 | D:5      | Entered Level 5 of the Dungeon
  6495 | D:5      | Reached skill level 4 in Fighting
  6843 | D:5      | Found Riusot's Assorted Antiques.
  6937 | D:5      | Bought a coppery potion for 26 gold pieces
  6937 | D:5      | Bought a scroll labelled NAUFEF ESAME for 29 gold pieces
  7055 | D:5      | Found a hide-covered altar of Uskayaw.
  7115 | D:5      | Reached XP level 8. HP: 52/67 MP: 2/14
  7734 | D:3      | Bought 23 bolts for 64 gold pieces
  7954 | D:6      | Reached * piety under Vehumet
  7954 | D:6      | Offered knowledge of Foxfire by Vehumet.
  8283 | D:6      | Reached skill level 5 in Fighting
  8432 | D:6      | Reached skill level 5 in Spellcasting
  8818 | D:6      | You fall into a shaft and drop 2 floors!
  8826 | D:8      | Found a broken altar of Ashenzari.
  9057 | D:8      | Noticed a two-headed ogre
  9070 | D:8      | Killed a two-headed ogre
  9071 | D:8      | Reached skill level 6 in Fighting
  9071 | D:8      | Reached XP level 9. HP: 68/75 MP: 3/17
  9684 | D:6      | Found an ornate altar of the Wu Jian Council.
  9695 | D:6      | Reached skill level 1 in Ice Magic
 11358 | D:7      | Reached skill level 7 in Fighting
 11604 | D:8      | Found a white marble altar of Elyvilon.
 11931 | D:8      | Identified the +3 spear "Xaimiolu" {elec, rElec rF++}
 11944 | D:8      | Reached ** piety under Vehumet
 11944 | D:8      | Offered knowledge of Shock by Vehumet.
 12110 | D:8      | Noticed a two-headed ogre
 12122 | D:8      | Killed a two-headed ogre
 12123 | D:8      | Reached skill level 5 in Stealth
 12123 | D:8      | Reached XP level 10. HP: 83/86 MP: 0/20
 12919 | D:9      | Offered knowledge of Scorch by Vehumet.
 12978 | D:9      | Reached skill level 5 in Ice Magic
 12986 | D:9      | Reached skill level 5 in Dodging
 13186 | D:9      | Reached skill level 8 in Fighting
 13192 | D:9      | Reached *** piety under Vehumet
 13398 | D:9      | Found a staircase to the Lair.
 13438 | D:9      | HP: 3/88 [poisoned by a killer bee]
 13452 | D:9      | HP: 2/88 [orc warrior/+0 trident (4)]
 15052 | D:10     | Entered Level 10 of the Dungeon
 15052 | D:10     | Noticed a two-headed ogre
 15055 | D:10     | Noticed a boulder beetle
 15152 | D:9      | Killed a two-headed ogre
 15153 | D:9      | Reached XP level 11. HP: 59/95 MP: 0/22
 16372 | D:10     | Found Toheog's Distillery.
 16377 | D:10     | Bought a potion of haste for 150 gold pieces
 16377 | D:10     | Bought 2 potions of curing for 90 gold pieces
 16396 | D:10     | Offered knowledge of Stone Arrow by Vehumet.
 16901 | D:10     | Killed a boulder beetle
 16948 | D:10     | Found a portal to a secret trove of treasure.
 16955 | D:10     | Reached skill level 9 in Fighting
 17505 | D:10     | Identified the +1 ring mail of Courage {rElec Stlth+}
 17625 | D:10     | Found an ancient bone altar of Kikubaaqudgha.
 17911 | D:10     | Found a faded altar of an unknown god.
 17911 | D:10     | Found a blossoming altar of Fedhas.
 17919 | D:10     | Found a sparkling altar of Nemelex Xobeh.
 17921 | D:10     | Found an opulent altar of Gozag.
 17923 | D:10     | Found a shadowy altar of Dithmenos.
 18181 | D:11     | Reached **** piety under Vehumet
 18260 | D:11     | Noticed Grum
 18279 | D:11     | Killed Grum
 18613 | D:11     | Noticed Erolcha
 18627 | D:11     | Killed Erolcha
 19453 | D:12     | Found Ufudwonn's Jewellery Shoppe.
 19460 | D:12     | Noticed a brown ugly thing
 19474 | D:12     | Killed a brown ugly thing
 20187 | D:12     | Bought an amulet of reflection for 330 gold pieces
 20357 | D:12     | Offered knowledge of Yara's Violent Unravelling by Vehumet.
 20362 | D:12     | Found a staircase to the Orcish Mines.
 20714 | D:12     | Reached skill level 10 in Conjurations
 20772 | D:12     | Found Amaudeon's General Store.
 20780 | D:12     | Bought a +0 pair of boots for 58 gold pieces
 20848 | D:12     | Noticed a boulder beetle
 20871 | D:12     | Noticed a two-headed ogre
 20884 | D:12     | Killed a two-headed ogre
 20885 | D:12     | Reached skill level 10 in Fighting
 20885 | D:12     | Reached XP level 12. HP: 96/106 MP: 4/24
 21199 | D:12     | Reached skill level 1 in Long Blades
 21297 | D:12     | Noticed a boulder beetle
 21298 | D:12     | Noticed a six-headed hydra
 21508 | D:12     | Killed a six-headed hydra
 21542 | D:12     | Killed a boulder beetle
 22377 | Lair:1   | Entered Level 1 of the Lair of Beasts
 22715 | Lair:1   | Noticed Harold
 23218 | Lair:1   | Killed Harold
 25040 | Lair:2   | Noticed a seven-headed hydra
 25055 | Lair:2   | Killed a seven-headed hydra
 25861 | Lair:2   | Noticed a death yak
 25862 | Lair:2   | Noticed a death yak
 25862 | Lair:2   | Noticed a death yak
 25863 | Lair:2   | Noticed a death yak
 26428 | Lair:1   | Killed a death yak
 26580 | Lair:1   | Killed a death yak
 27908 | Lair:3   | Reached skill level 11 in Fighting
 27993 | Lair:3   | Noticed a catoblepas
 28667 | Lair:3   | Killed a catoblepas
 28668 | Lair:3   | Reached XP level 13. HP: 39/116 MP: 8/26
 29512 | Lair:4   | Found a staircase to the Swamp.
 29668 | Lair:4   | Reached skill level 10 in Ice Magic
 29724 | Lair:4   | Found a dark tunnel.
 29735 | Volcano  | Entered a volcano
 30576 | Lair:4   | You fall into a shaft and drop 2 floors!
 30576 | Lair:6   | Entered Level 6 of the Lair of Beasts
 30850 | Lair:6   | Noticed Sonja
 30871 | Lair:6   | Killed Sonja
 30872 | Lair:6   | Reached skill level 5 in Long Blades
 31195 | Lair:5   | Reached skill level 10 in Spellcasting
 31967 | Lair:4   | Reached ***** piety under Vehumet
 31974 | Lair:4   | Offered knowledge of Ozocubu's Refrigeration by Vehumet.
 31989 | Lair:4   | Learned a level 7 spell: Ozocubu's Refrigeration
 34092 | Lair:4   | Found a hole to the Spider Nest.
 35375 | Lair:5   | Found a staircase to the Slime Pits.
 35537 | Lair:5   | Reached skill level 12 in Fighting
 36514 | Lair:6   | Reached XP level 14. HP: 120/126 MP: 5/28
 39944 | Lair:6   | Found a corrupted altar of Lugonu.
 39944 | Lair:6   | Found a one-way gate to the infinite horrors of the Abyss.
 41199 | Orc:1    | Entered Level 1 of the Orcish Mines
 41773 | Orc:1    | Offered knowledge of Starburst by Vehumet.
 41989 | D:12     | Bought the +6 long sword of the Chopping Shrike {flame,
                  | rCorr} for 635 gold pieces
 43053 | Orc:1    | Found Copiofrym's Book Shoppe.
 43215 | Orc:2    | Entered Level 2 of the Orcish Mines
 43321 | Orc:2    | Paralysed by an orc sorcerer for 5 turns
 43331 | Orc:2    | Found Kunareq's Antique Weapon Shop.
 43466 | Orc:2    | Found Eneg's Armour Shoppe.
 43486 | Orc:2    | Bought a +0 buckler of protection for 126 gold pieces
 43534 | Orc:2    | Found Giekhit's Jewellery Shoppe.
 43534 | Orc:2    | Noticed an orc warlord
 43539 | Orc:2    | Killed an orc warlord
 44193 | Orc:2    | Found Iskiuch's Antique Armour Shoppe.
 44332 | Orc:2    | Found Mumeud's General Store.
 44400 | Orc:2    | Bought a ring of magical power for 220 gold pieces
 44400 | Orc:2    | Bought a scroll of amnesia for 38 gold pieces
 44400 | Orc:2    | Bought a scroll of enchant weapon for 82 gold pieces
 44400 | Orc:2    | Bought a scroll of identify for 22 gold pieces
 44658 | Orc:2    | Found a staircase to the Elven Halls.
 45404 | Swamp:1  | Entered Level 1 of the Swamp
 45407 | Swamp:1  | Offered knowledge of Fireball by Vehumet.
 46045 | Swamp:1  | Reached skill level 13 in Fighting
 46045 | Swamp:1  | Reached XP level 15. HP: 95/135 MP: 6/30
 46303 | Swamp:1  | Noticed a thorn hunter
 46588 | Swamp:1  | Killed a thorn hunter
 46987 | Swamp:1  | Found a stormy altar of Qazlal.
 47102 | Swamp:1  | Reached skill level 1 in Evocations
 48650 | Swamp:2  | Noticed a fenstrider witch
 48854 | Swamp:2  | Killed a fenstrider witch
 51956 | Swamp:3  | Identified a scroll of acquirement
 51960 | Swamp:3  | Acquired 746 gold pieces
 52288 | Orc:2    | Bought a potion of heal wounds for 55 gold pieces
 52288 | Orc:2    | Bought a wand of acid (7) for 242 gold pieces
 52403 | D:10     | Bought a potion of heal wounds for 75 gold pieces
 52403 | D:10     | Bought a potion of invisibility for 120 gold pieces
 52488 | D:12     | Bought a scroll of enchant weapon for 97 gold pieces
 52488 | D:12     | Bought a wand of iceblast (5) for 117 gold pieces
 52738 | D:3      | Bought a potion of haste for 140 gold pieces
 52738 | D:3      | Bought a scroll of enchant weapon for 105 gold pieces
 53724 | Swamp:3  | Noticed a fenstrider witch
 53727 | Swamp:3  | Killed a fenstrider witch
 54037 | Swamp:4  | Entered Level 4 of the Swamp
 54809 | Swamp:4  | Noticed a thorn hunter
 55012 | Swamp:4  | Killed a thorn hunter
 55276 | Swamp:4  | Paralysed by an ogre mage for 7 turns
 55284 | Swamp:4  | Offered knowledge of Irradiate by Vehumet.
 55285 | Swamp:4  | Reached XP level 16. HP: 72/145 MP: 32/32
 55573 | Swamp:3  | Learned a level 5 spell: Irradiate
 55736 | Swamp:4  | Reached skill level 14 in Fighting
 58247 | Swamp:4  | Got a decaying rune of Zot
 58483 | Swamp:4  | Noticed a tentacled monstrosity
 58502 | Swamp:4  | Slain by a fenstrider witch

Illustrated notes

Levels and vault maps discovered:
D:1:      lightli_arrival_lavapool, layout_basic,
          chequers_ecumenical_altar_simple_redux, minmay_close_crescents
D:2:      layout_loops_cross, uniq_crazy_yiuf_cottage
D:3:      layout_basic, serial_shops, shop_fountains
D:4:      layout_loops_corners, mainiacjoe_overflow_alcove_4,
          minmay_temple_entry_slanted, uniq_sigmund
D:5:      layout_loops_ring, kennysheep_mini_moat, serial_shops,
          nicolae_shop_waterfront
D:6:      layout_layer_cave, nicolae_overflow_crystal_walls, lemuel_old_faithful
D:7:      layout_gridville, hangedman_decor_push
D:8:      layout_basic, mainiacjoe_overflow_alcove_2, lemuel_crystal_altar,
          roderic_malta_cross, hellmonk_bongcloud_opening, minmay_crystal_water,
          hangedman_decor_opposing
D:9:      lemuel_slime, layout_gridville, lair_entry_dummy,
          kennysheep_kite_vault
D:10:     layout_long_grid, chequers_temple_overflow_minitemple,
          mainiacjoe_overflow_six_doors_small, serial_shops, shop,
          enter_trove_3, serial_glass, glass_columns_c, glass_columns_c,
          glass_columns_b, glass_columns_b, special_room [special_room_kobold],
          chequers_serial_rivers_room_b, hangedman_weighted_door,
          grunt_ministairs_12
D:11:     layout_rooms, uniq_erolcha, uniq_grum
D:12:     layout_irregular_city, zombieorc1_lemuel, serial_shops,
          nicolae_shop_hallway_plus, nicolae_shop_crystal
Temple:   chequers_temple_sunken
Lair:1:   layout_gridlike, cheibrodos_lair_caveside_slide, minivault_26,
          grunt_megastairs_5, lemuel_fruit_tree, uniq_harold
Lair:2:   layout_regular_city, nicolae_lair_grazing_beasts
          [nicolae_sub_lair_graze_edge, nicolae_sub_lair_graze_edge,
          nicolae_sub_lair_graze_edge, nicolae_sub_lair_graze_edge],
          serial_bayou_shore_a, serial_bayou_shore_b
Lair:3:   layout_long_grid, infiniplex_staircase_pool_2
Lair:4:   layout_loops_ring, minmay_swamp_entry_eels,
          spider_nest_entry_funnel_web, enter_volcano_2
Lair:5:   layout_cave_pods, dpeg_slime_entry_corner, lemuel_fruit_fields
Lair:6:   hellmonk_lair_end_abyssal_woods, layout_hall_layers, uniq_sonja
Swamp:1:  layout_falls_marsh, lemuel_altar_in_water, swamp_pool1,
          hangedman_swamp_wriggling, infiniplex_staircase_pool
Swamp:2:  layout_falls_marsh, evilmike_swamp_ruin_rubble_2, swamp_pool4,
          nicolae_swamp_catching_bugs
Swamp:3:  layout_basic_swamp, serial_swamp_ruin, evilmike_swamp_ruin_rubble_1,
          evilmike_swamp_ruin_house_6, evilmike_swamp_ruin_house_3, swamp_pool1,
          grunt_witch_cave
Swamp:4:  nzn_swamp_witches_coven, layout_basic_swamp,
          nicolae_swamp_wisp_ring_woods
Orc:1:    layout_caves, basic_altar, guppyfry_orc_lava_fort
Orc:2:    grunt_orc_gardens, layout_caves, grunt_orc_garden, grunt_orc_garden,
          grunt_orc_garden, grunt_orc_garden, serial_shops, nicolae_shop_trees,
          basic_altar

Skill      XL: |  1  2  3  4  5  6  7  8  9 10 11 12 13 14 15 16 |
---------------+-------------------------------------------------+-----
Fighting       | 1 2 3 4 6 7 8 10 11 12 13 14 | 14.2
Dodging        | 2 3 4 5 6 7 8 |  8.8
Stealth        | 2 3 4 5 6 7 8 9 |  9.5
Spellcasting   | 3 4 5 6 7 8 9 10 11 12 | 12.2
Conjurations   | 5 7 8 9 10 11 12 13 | 13.6
Translocations | 1 2 |  2.0
Hexes          | 1 2 |  2.0
Ice Magic      | 3 6 8 9 11 12 13 | 13.8
Long Blades    | 4 6 7 9 |  9.4
Evocations     | 2 3 |  3.4

Action                   |  1- 3 |  4- 6 |  7- 9 | 10-12 | 13-15 | 16-18 || total
-------------------------+-------+-------+-------+-------+-------+-------++-------
Melee: Unarmed           |    15 |    45 |    64 |       |       |       ||   124
       Tailslap          |     2 |     6 |    13 |    57 |    61 |     4 ||   143
       Punch             |       |     1 |     4 |     6 |     5 |       ||    16
       Spear             |       |       |     5 |   317 |   280 |       ||   602
       Long sword        |       |       |       |       |    56 |    11 ||    67
 Cast: Magic Dart        |    57 |    26 |    13 |    12 |    15 |     4 ||   127
       Searing Ray       |     6 |    18 |    82 |   128 |    60 |     1 ||   295
       Iskenderun's Myst |       |       |    13 |   176 |   276 |       ||   465
       Ozocubu's Refrige |       |       |       |       |   269 |    82 ||   351
       Fulminant Prism   |       |       |       |       |     3 |       ||     3
       Irradiate         |       |       |       |       |       |     9 ||     9
 Abil: Breathe Frost     |       |       |     8 |    16 |     9 |     1 ||    34
Evoke: Piece from Xom's  |       |       |       |    19 |     5 |       ||    24
       Wand              |       |       |       |     3 |     6 |       ||     9
       Phantom mirror    |       |       |       |     3 |     3 |     1 ||     7
       Condenser vane    |       |       |       |     1 |     2 |       ||     3
       Lightning rod     |       |       |       |       |       |     2 ||     2
  Use: Scroll            |       |     2 |     3 |    10 |    15 |       ||    30
       Potion            |       |       |       |     3 |     9 |     1 ||    13
 Stab: Distracted        |       |       |       |     3 |     2 |       ||     5
       Sleeping          |       |       |       |     9 |     4 |       ||    13
       Paralysed         |       |       |       |     5 |       |       ||     5
       Petrified         |       |       |       |     4 |       |       ||     4
Armor: Skin              |     9 |    31 |    95 |   230 |   270 |    27 ||   662
Dodge: Dodged            |    27 |    55 |   142 |   345 |   444 |    21 ||  1034
Block: Other             |       |       |       |    47 |   129 |       ||   176
       Reflection        |       |       |       |     1 |     5 |       ||     6
       Buckler           |       |       |       |       |    38 |    16 ||    54
